Map: Deathaura LE

Players

Silky

  • Race: Zerg Zerg
  • Spawn Location: 11:00

Future - Winner!

  • Race: Terran Terran
  • Spawn Location: 5:00

Event: The Miserable Cup

VOD

Have the link to the VOD?

Description

Time

  • Played on: June 21, 2020, 2:08 p.m.
  • Length: 10:21

All games in this series

Show
View Real Time Build Order
Export as new Build Order

Silky Zerg 

Build Orders: Pool First, Muta Ling Bane 

Get SALT Encoding   

  12  0:00  Drone  
  13  0:13  Overlord  
  13  0:17  Drone  
  14  0:32  Drone x2  
  17  0:35  Drone  
  17  0:46  Drone, Extractor  
  17  0:50  Spawning Pool  
  17  0:57  Drone  
  17  1:07  Drone  
  18  1:16  Hatchery  
  17  1:20  Drone  
  18  1:28  Drone  
  19  1:37  Queen  
  19  1:39  Zergling x2  
  22  1:46  Metabolic Boost  
  22  1:51  Overlord  
  22  2:09  Drone  
  22  2:13  Queen, Drone  
  26  2:25  Drone  
  26  2:29  Pneumatized Carapace  
  27  2:32  Drone  
  27  2:35  Drone  
  29  2:39  Drone  
  30  2:44  Drone  
  30  2:45  Drone x3  
  34  3:02  Drone x2  
  36  3:06  Drone  
  36  3:17  Overlord  
  36  3:18  Hatchery  
  35  3:21  Overlord  
  35  3:26  Spore Crawler, Queen  
  36  3:33  Overlord  
  36  3:34  Queen  
  36  3:37  Drone x3  
  36  3:41  Drone x3  
  45  3:47  Drone x2  
  46  4:01  Overlord  
  46  4:02  Drone  
  47  4:03  Queen  
  47  4:07  Zergling x8  
  53  4:16  Overlord  
  53  4:17  Spore Crawler  
  52  4:20  Drone  
  53  4:26  Drone  
  53  4:30  Drone x2  
  53  4:31  Queen  
  56  4:35  Drone x3  
  61  4:38  Drone  
  61  4:40  Queen  
  65  4:45  Zergling x4  
  65  4:46  Zergling x2  
  65  4:47  Drone x2  
  65  4:50  Drone  
  65  4:52  Drone x2  
  72  5:02  Overlord  
  72  5:04  Lair  
  72  5:06  Drone x2  
  72  5:12  Drone  
  72  5:13  Overlord  
  73  5:15  Overlord  
  73  5:17  Extractor  
  73  5:18  Overlord x2, Extractor  
  73  5:19  Zergling x4  
  73  5:20  Drone  
  74  5:25  Drone x4, Baneling Nest  
  77  5:29  Overlord  
  77  5:31  Drone x2  
  79  5:39  Extractor  
  79  5:40  Extractor  
  79  5:42  Drone x3  
  80  5:44  Extractor  
  80  5:48  Drone x3  
  82  5:53  Drone x2  
  82  5:55  Overlord  
  82  5:56  Drone x3  
  86  6:01  Drone  
  86  6:02  Spire  
  86  6:05  Drone x2  
  86  6:07  Overlord x3  
  86  6:09  Centrifical Hooks  
  88  6:13  Overlord  
  88  6:18  Drone x2  
  90  6:24  Drone  
  91  6:28  Hatchery, Overlord  
  91  6:31  Zergling x2  
  91  6:32  Evolution Chamber  
  90  6:33  Overlord  
  90  6:34  Evolution Chamber  
  89  6:41  Overlord  
  89  6:46  Hatchery  
  85  7:14  Mutalisk  
  85  7:15  Mutalisk x9  
  105  7:17  Overlord  
  105  7:22  Overlord  
  105  7:23  Zergling x14  
  105  7:25  Zerg Ground Armor Level 1  
  105  7:26  Zergling x4  
  114  7:30  Zergling x2  
  114  7:31  Zergling x6  
  114  7:32  Baneling x2  
  114  7:33  Baneling x4  
  114  7:34  Zergling x6  
  121  7:38  Zergling x2  
  121  7:41  Zergling x10  
  121  7:44  Overlord  
  127  7:47  Baneling x7  
  127  7:53  Overlord, Zerg Melee Weapons Level 1  
  127  7:59  Zergling x2, Overlord x2  
  127  8:00  Zergling x8  
  127  8:03  Mutalisk x2  
  127  8:05  Overlord  
  136  8:12  Mutalisk  
  138  8:20  Zergling x2  
  138  8:21  Zergling x6  
  125  8:30  Zergling x2  
  125  8:31  Zergling x20  
  116  8:35  Mutalisk x2  
  116  8:37  Mutalisk  
  116  8:39  Overseer  
  109  8:41  Mutalisk  
  104  8:49  Baneling x7  
  104  8:50  Zergling x8  
  104  8:54  Zergling x12  
  114  8:57  Mutalisk  
  114  9:00  Queen  
  114  9:01  Drone x2  
  120  9:05  Drone  
  120  9:06  Drone x2  
  123  9:13  Mutalisk x2  
  123  9:16  Hatchery  
  124  9:19  Zergling x2  
  124  9:21  Baneling  
  124  9:22  Baneling x7  
  123  9:25  Zergling x4  
  123  9:30  Zergling x2  
  123  9:31  Zergling x12  
  130  9:37  Mutalisk x2  
  127  9:44  Mutalisk  
  118  9:47  Zergling x4  
  118  9:49  Baneling x4  
  116  9:53  Zergling x2  
  116  9:56  Mutalisk  
  117  10:00  Zergling x14  
Show
View Real Time Build Order
Export as new Build Order

Future Terran - Winner!

Build Orders: Liberator Opening, Reaper Expand 

Get SALT Encoding   

  12  0:00  SCV  
  13  0:12  SCV  
  14  0:16  Supply Depot  
  14  0:24  SCV  
  15  0:38  SCV, Barracks  
  16  0:43  Refinery  
  16  0:50  SCV  
  17  1:02  SCV  
  18  1:14  SCV  
  19  1:26  Reaper, Orbital Command  
  20  1:40  Command Center  
  20  1:48  Supply Depot  
  20  1:52  SCV  
  21  1:58  Marine  
  22  2:03  Factory  
  22  2:06  SCV  
  23  2:13  Refinery  
  23  2:18  SCV  
  23  2:22  Barracks Reactor  
  24  2:30  SCV  
  25  2:42  SCV  
  26  2:50  Starport  
  26  2:54  SCV  
  27  3:02  Orbital Command  
  31  3:05  Hellion  
  31  3:06  SCV, Hellion  
  32  3:13  Barracks Tech Lab  
  32  3:19  SCV  
  36  3:27  Hellion x2  
  36  3:30  SCV  
  36  3:31  SCV  
  38  3:35  Liberator  
  41  3:42  SCV, Supply Depot  
  41  3:43  SCV, Stimpack  
  43  3:52  Hellion x2  
  46  4:04  SCV x2  
  46  4:05  Supply Depot  
  46  4:07  Marine  
  49  4:16  SCV x2  
  51  4:22  Command Center  
  51  4:26  Viking  
  51  4:28  SCV x2  
  55  4:37  Supply Depot  
  55  4:40  SCV  
  55  4:43  SCV  
  57  4:48  Barracks x2  
  57  4:51  Marine  
  57  4:52  SCV  
  59  4:54  Factory Reactor  
  59  4:55  SCV  
  60  5:01  Engineering Bay  
  60  5:02  Engineering Bay, Starport Tech Lab  
  60  5:04  SCV  
  58  5:07  SCV  
  59  5:16  SCV, Marine  
  59  5:19  SCV  
  59  5:20  Refinery  
  59  5:21  Refinery  
  62  5:28  SCV  
  62  5:30  Starport Reactor  
  62  5:31  SCV  
  62  5:32  Terran Infantry Weapons Level 1, Terran Infantry Armor Level 1  
  62  5:35  Marine  
  65  5:36  Combat Shield  
  65  5:38  Orbital Command  
  65  5:42  Marine x4  
  66  5:45  SCV x2  
  66  5:48  Siege Tank  
  74  5:57  SCV, Supply Depot  
  74  5:58  SCV, Marine  
  74  6:00  Marine x3  
  74  6:02  Orbital Command  
  80  6:09  SCV  
  80  6:10  SCV  
  82  6:11  Supply Depot  
  82  6:12  Supply Depot  
  82  6:20  Medivac, Siege Tank  
  82  6:21  Medivac  
  82  6:22  SCV x2  
  82  6:23  Marine  
  82  6:24  Marine  
  93  6:33  SCV, Marine x3  
  93  6:34  SCV x2  
  93  6:38  Armory  
  99  6:43  Marine x2  
  99  6:45  SCV  
  99  6:46  SCV x2  
  104  6:51  Marine  
  104  6:52  Siege Tank  
  104  6:53  Barracks  
  108  6:54  Barracks  
  108  6:55  Missile Turret  
  108  6:57  Missile Turret  
  108  6:58  Missile Turret  
  108  6:59  SCV  
  109  7:21  SCV x2, Supply Depot x2, Marine x2, Medivac x2  
  117  7:22  Supply Depot  
  117  7:41  Barracks x2  
  117  7:42  Marine x5, Barracks, Siege Tank  
  117  7:43  Barracks Reactor x2  
  125  8:00  Marine x5  
  125  8:02  Supply Depot x2  
  130  8:07  Medivac x2  
  131  8:18  Marine x5  
  131  8:19  Marine x2  
  138  8:20  Siege Tank  
  122  8:34  Marine  
  122  8:35  Marine  
  122  8:36  Marine x5  
  122  8:37  Medivac, Marine  
  122  8:38  Marine  
  122  8:40  Marine  
  122  8:41  Marine x2  
  116  8:52  Marine  
  116  8:53  Marine x6  
  116  8:54  Siege Tank  
  116  8:55  Marine  
  126  8:58  Marine x4  
  130  9:04  Supply Depot  
  130  9:05  Supply Depot  
  130  9:08  Liberator x2  
  136  9:10  Marine  
  136  9:11  Marine x3  
  136  9:13  Marine  
  136  9:15  Marine x3  
  136  9:16  Marine x2  
  146  9:24  Marine  
  146  9:26  Marine  
  146  9:27  Marine  
  146  9:29  Marine x2  
  146  9:31  Siege Tank  
  154  9:38  Marine x4  
  150  9:47  Marine x2  
  150  9:48  Marine x2  
  150  9:52  Marine x3  
  155  9:53  Marine  
  155  9:56  Marine  
  157  10:00  Marine  
Tags
 
Add a new tag
Caveats
  • Supply blocks, unpowered buildings, or Contaminate may cause inaccurate times.
  • Supply counts are checked every 10 seconds.